 Dungeon Crawl Stone Soup version 0.29-a0-409-gd843f3a48c (webtiles) character file.

Game seed: 16783910649961001773

279 ParallaxScroll the Conjurer (level 5, 0/38 HPs)
             Began as a Demigod Conjurer on May 13, 2022.
             Slain by Grinder (2 damage)
             ... on level 4 of the Dungeon on May 14, 2022.
             The game lasted 00:24:14 (4497 turns).

ParallaxScroll the Conjurer (Demigod Conjurer)      Turns: 4497, Time: 00:24:15

Health: 0/38       AC:  2    Str: 14    XL:     5   Next: 75%
Magic:  1/10       EV: 12    Int: 24    God:
Gold:   139        SH:  0    Dex: 12    Spells: 5/8 levels left

rFire   . . .      SeeInvis .   a - +0 whip (freeze)
rCold   . . .      Faith    .   (no shield)
rNeg    . . .      Spirit   .   k - +0 robe
rPois   .          Reflect  .   e - +0 hat
rElec   .          Harm     .   (no cloak)
rCorr   .          Rampage  .   (no gloves)
Will    .....                   (no boots)
Stlth   ++........              (no amulet)
HPRegen 0.12/turn               n - +6 ring of strength
MPRegen 0.12/turn               (no ring)

@: no status effects
A: high MP 1, forlorn, divine attributes
a: no special abilities


You were on level 4 of the Dungeon.
You visited 1 branch of the dungeon, and saw 4 of its levels.

You collected 139 gold pieces.

Inventory:

Hand Weapons
 a - a +0 whip of freezing (weapon)
 b - a +0 hand axe
 v - a +0 long sword
 w - a +0 dagger
Missiles
 o - 11 javelins
 p - a throwing net
 t - 111 stones
 u - 9 poisoned darts
 z - 3 boomerangs
Armour
 e - a +0 hat (worn)
 k - a +0 robe (worn)
 r - a +0 leather armour
Jewellery
 n - a +6 ring of strength (left hand)
Wands
 y - a wand of polymorph (7)
 A - a wand of acid (11)
Scrolls
 c - a scroll of enchant armour {unknown}
 f - a scroll of enchant weapon {unknown}
 g - 2 scrolls of identify {unknown}
 h - a scroll of acquirement {unknown}
 i - 2 scrolls of magic mapping {unknown}
 m - 2 scrolls of amnesia {unknown}
 q - 2 scrolls of teleportation {unknown}
 s - a scroll of fear {unknown}
 x - 4 scrolls of fog {unknown}
Potions
 d - 2 potions of curing {unknown}
 j - a potion of magic
 l - 2 potions of might


   Skills:
 - Level 2.0 Dodging
 - Level 2.0 Stealth
 - Level 2.0 Spellcasting
 + Level 5.6 Conjurations
 + Level 1.7 Hexes
 + Level 1.0 Transmutations
 + Level 1.1 Earth Magic
 + Level 1.0 Evocations


You had 5 spell levels left.
You knew the following spells:

 Your Spells              Type           Power      Damage    Failure   Level
a - Magic Dart            Conj           100%       1d8       1%          1
b - Searing Ray           Conj           58%        2d6       1%          2

Your spell library contained the following spells:

 Spells                   Type           Power      Damage    Failure   Level
 Dazzling Flash           Conj/Hex       40%        N/A       8%          3
 Passwall                 Tmut/Erth      5%         N/A       12%         2
 Ensorcelled Hibernation  Hex/Ice        12%        N/A       13%         2
 Corpse Rot               Necr/Air       4%         N/A       19%         2
 Poisonous Vapours        Pois/Air       4%         N/A       19%         2
 Fulminant Prism          Conj/Hex       10%        3d9       26%         4
 Swiftness                Air            2%         N/A       34%         3
 Iskenderun's Mystic Bla  Conj/Tloc      15%        2d5       36%         4


Dungeon Overview and Level Annotations

Branches:
Dungeon (4/15)
 Temple: D:4-7

Annotations:
D:4 1 runed translucent door, Crazy Yiuf, Grinder


Innate Abilities, Weirdness & Mutations

You have an increased reservoir of magic. (+10% MP)
You shall have no god before yourself.
Your divine heritage dramatically boosts your attributes as you level up.


Message History

Grinder barely misses you.
The searing ray hits Grinder.
Grinder is almost dead.
Grinder hits you.
You writhe in agony.
You barely miss Grinder.
Grinder is almost dead.
Grinder hits you but does no damage.
You barely miss Grinder.
Grinder is almost dead.
Grinder hits you but does no damage.
You hit Grinder but do no damage.
Grinder is almost dead.
Grinder gestures at you. Pain shoots through your body!
You hit Grinder.
Grinder is almost dead.
Grinder closely misses you.
Your magical contamination has completely faded away.
You hit Grinder.
Grinder is almost dead.
Grinder barely misses you.
You closely miss Grinder.
Grinder is almost dead.
Grinder barely misses you.
You hit Grinder but do no damage.
Grinder is almost dead.
Grinder hits you.
You writhe in agony.
* * * LOW HITPOINT WARNING * * *
You closely miss Grinder.
Grinder is almost dead.
Grinder misses you.
You barely miss Grinder.
Grinder is almost dead.
Grinder hits you but does no damage.
You hit Grinder.
Grinder is almost dead.
Grinder hits you!
* * * LOW HITPOINT WARNING * * *
You writhe in agony.
You die...

#..........##
##...........##
#.............##
#..............#
#...............#
#..............#
##......[.....##
#. ##...........#
#$$ ##........@##
#.$_ ##......5##
#..$$ ###...#.#
#.....
##.##.###......
####..#.......
##.......5.
#.........
#.........
##........


You could see Grinder.

Vanquished Creatures
  A scorpion (D:3)
  A jelly (D:4)
  Ijyb (D:3)
  7 adders
  3 worms
  10 dart slugs
  3 orcs (D:4)
  6 ball pythons
  2 endoplasms
  2 giant cockroaches
  6 goblins
  7 hobgoblins
  5 jackals
  5 kobolds
  A quokka (D:1)
  4 bats
  7 frilled lizards
  9 rats
80 creatures vanquished.

Notes
Turn   | Place    | Note
-------+----------+-------------------------------------------
     0 | D:1      | ParallaxScroll the Demigod Conjurer began the quest for the
                  | Orb.
     0 | D:1      | Reached XP level 1. HP: 14/14 MP: 5/5
   234 | D:1      | Reached XP level 2. HP: 20/20 MP: 4/7
   238 | D:1      | Learned a level 2 spell: Searing Ray
   385 | D:1      | Reached skill level 4 in Conjurations
   873 | D:2      | Reached XP level 3. HP: 18/26 MP: 2/8
  2275 | D:3      | Reached skill level 5 in Conjurations
  2275 | D:3      | Reached XP level 4. HP: 27/33 MP: 3/9
  2614 | D:3      | Noticed Ijyb
  2619 | D:3      | Paralysed by Ijyb for 3 turns
  2630 | D:3      | Paralysed by Ijyb for 2 turns
  2639 | D:3      | HP: 1/33 [Ijyb/+0 dagger (1)]
  2642 | D:3      | Killed Ijyb
  3027 | D:3      | Reached skill level 1 in Hexes
  3609 | D:3      | Reached XP level 5. HP: 9/38 MP: 1/10
  4186 | D:4      | Found a runed translucent door.
  4187 | D:4      | Noticed Crazy Yiuf
  4255 | D:4      | Reached skill level 1 in Transmutations
  4310 | D:4      | Reached skill level 1 in Earth Magic
  4340 | D:4      | Reached skill level 1 in Evocations
  4466 | D:4      | Noticed Grinder
  4497 | D:4      | Slain by Grinder

Illustrated notes

Levels and vault maps discovered:
D:1:      ncdulo_watergridlock, layout_rooms,
          ebering_ecumenical_altar_sacrificial
D:2:      layout_loops_ring
D:3:      kennysheep_slugbush, layout_basic, mainiacjoe_overflow_24_doors,
          serial_corexii_hall, chequers_hall_statues_corner_a,
          chequers_hall_statues_wall_a, bh_walls_and_bars, uniq_ijyb
D:4:      layout_cave_pods, nicolae_gozag_seed_capital,
          nicolae_hepliaklqana_hazy_memory, eino_tiny_chamber, uniq_grinder,
          uniq_crazy_yiuf_cottage

Skill      XL: |  1  2  3  4  5 |
---------------+----------------+-----
Stealth        | 2 |  2.0
Dodging        | 2 |  2.0
Spellcasting   | 2 |  2.0
Conjurations   | 4 5 |  5.6
Hexes          | 1 |  1.7
Transmutations | 1 |  1.0
Earth Magic    | 1 |  1.1
Evocations     | 1 |  1.0

Action                   |  1- 3 |  4- 6 || total
-------------------------+-------+-------++-------
Melee: Hand axe          |    10 |       ||    10
       Dagger            |     2 |     1 ||     3
       Whip              |       |    42 ||    42
 Cast: Magic Dart        |    48 |    19 ||    67
       Searing Ray       |    19 |    26 ||    45
  Use: Potion            |       |     5 ||     5
 Stab: Sleeping          |     2 |     1 ||     3
Armor: Robe              |     3 |     7 ||    10
Dodge: Dodged            |    11 |    21 ||    32

Table legend: (Time is in decaauts)
 A = Elapsed time spent in this place.
 B = Non-inter-level travel time spent in this place.
 C = Inter-level travel time spent in this place.
 D = Time resting spent in this place.
 E = Time spent auto-exploring this place.
 F = Levels seen in this place.
 G = Mean time per level.
                   A        B        C        D        E       F      G
               +--------+--------+--------+--------+--------+-----+--------+
         Total |   4494 |   4294 |    200 |   2060 |   1718 |   4 | 1123.5 |
       Dungeon |   4494 |   4294 |    200 |   2060 |   1718 |   4 | 1123.5 |
               +--------+--------+--------+--------+--------+-----+--------+

Top non-repeatable levels by time:
     D:3: 1863 daAuts
     D:2: 1305 daAuts
     D:1: 890 daAuts
     D:4: 434 daAuts
